 Dungeon Crawl Stone Soup version 0.20.1-4-g4af34eaf8e (webtiles) character file.

587 Alfie the Shooter (level 7, 0/90 HPs)
             Began as a Minotaur Hunter on Mar 3, 2020.
             Slain by Alfie's ghost (1 damage)
             ... on level 6 of the Dungeon.
             The game lasted 00:13:21 (2867 turns).

Alfie the Shooter (Minotaur Hunter)                 Turns: 2867, Time: 00:13:21

Health: 0/90       AC: 23    Str: 18    XL:     7   Next: 15%
Magic:  6/6        EV:  2    Int:  8    God:
Gold:   244        SH:  0    Dex: 11    Spells: 6/6 levels left

rFire    . . .     SeeInvis .   b - +0 short sword
rCold    . . .     Gourm    .   (no shield)
rNeg     + + +     Faith    .   (armour currently unavailable)
rPois    +         Spirit   .   (helmet currently unavailable)
rElec    .         Reflect  .   (cloak currently unavailable)
rCorr    .         Harm     .   (gloves currently unavailable)
MR       .....     NoTele   +   (boots currently unavailable)
Stlth    ++........             (no amulet)
Regen    0.3/turn               (no ring)
MPRegen  0.1/turn               (no ring)

@: tree-form (expiring)
A: (retaliatory headbutt), repulsion field 1
a: no special abilities


You were on level 6 of the Dungeon.
You were hungry.
You were a tree.
You visited 1 branch of the dungeon, and saw 6 of its levels.

You collected 268 gold pieces.
You spent 24 gold pieces at shops.

Inventory:

Hand Weapons
 a - a +1 shortbow
 b - a +0 short sword (weapon)
 n - a +0 long sword
Missiles
 d - 100 arrows
Armour
 c - a +1 leather armour (melded)
Jewellery
 f - an uncursed ring of wizardry
 l - an uncursed ring of flight
 r - an uncursed ring of resist corrosion
Wands
 p - a wand of paralysis (8/24)
Scrolls
 j - 3 scrolls of remove curse
Potions
 e - a potion of degeneration {unknown}
 g - a potion of mutation
 h - a potion of agility {unknown}
 i - a potion of heal wounds {unknown}
 m - 2 potions of lignification
 o - a potion of flight {unknown}
Comestibles
 k - 4 meat rations


   Skills:
 + Level 4.8 Fighting
 + Level 0.4 Short Blades
 + Level 7.7 Bows
 + Level 2.3 Armour
 + Level 3.3 Dodging
 + Level 1.2 Stealth


You had 6 spell levels left.
You didn't know any spells.

Dungeon Overview and Level Annotations

Branches:
Dungeon (6/15)
 Temple: D:4-7

Altars:
Cheibriados
Elyvilon
Ru
Sif Muna
Zin
The Shining One

Shops:
D:4 !%(   D:5 *

Annotations:
D:4 Alfie's ghost, amateur MiHu
D:6 Alfie's ghost, novice MiHu


Innate Abilities, Weirdness & Mutations

((You reflexively headbutt those who attack you in melee.))
((You have a pair of horns on your head.))
You are surrounded by a mild repulsion field. (EV +2)
((Your flesh is cold resistant. (rC+)))
((Armour fits poorly on your strangely shaped body.))


Message History

You miss Alfie's ghost.
Alfie's ghost is almost destroyed.
Alfie's ghost hits you but does no damage.
The crimson imp hits you but does no damage.
You closely miss Alfie's ghost.
Alfie's ghost is almost destroyed.
Alfie's ghost hits you.
* * * LOW HITPOINT WARNING * * *
The crimson imp hits you but does no damage.
You miss Alfie's ghost.
Alfie's ghost is almost destroyed.
Your transformation is almost over.
Alfie's ghost hits you but does no damage.
The crimson imp hits you but does no damage.
Alfie's ghost hits you but does no damage.
You barely miss Alfie's ghost.
Alfie's ghost is almost destroyed.
The crimson imp hits you but does no damage.
Alfie's ghost hits you.
You die...

...........###.......# .
.....................##....
...........................
..... #........<...##......
..... #............# .....
......#....#.......##......
....).#....#...............
..........##............ ..
....(.....W♣5............ .
..........##..........###
..........##..........#
..........##.......####
..........##.......#
#############.###### #.#
#.# #<#


You could see Alfie's ghost and a crimson imp.

Vanquished Creatures
  A phantom (D:5)
  A crimson imp (D:5)
  2 hounds (D:4)
  An orc priest (D:3)
  4 orc wizards
  An iguana (D:5)
  Natasha (twice) (D:3)
  2 worker ants
  Robin (D:3)
  3 adders
  A shadow imp (D:6)
  An adder zombie (D:5)
  4 worms
  3 leopard geckos
  9 orcs
  5 giant cockroaches
  16 goblins
  8 hobgoblins
  3 jackals (D:5)
  A quokka (D:2)
  4 ball pythons
  6 bats
  3 frilled lizards
  A jackal skeleton (D:4)
  7 kobolds
  6 rats
96 creatures vanquished.

Notes
Turn   | Place    | Note
-------+----------+-------------------------------------------
     0 | D:1      | Alfie the Minotaur Hunter began the quest for the Orb.
     0 | D:1      | Reached XP level 1. HP: 18/18 MP: 0/0
   403 | D:1      | Reached XP level 2. HP: 25/25 MP: 1/1
   438 | D:2      | Found a sacrificial altar of Ru.
   450 | D:2      | Found a snail-covered altar of Cheibriados.
   528 | D:2      | Reached skill level 5 in Bows
   695 | D:2      | Reached XP level 3. HP: 30/30 MP: 2/2
   912 | D:3      | Noticed Robin
   912 | D:3      | Reached skill level 1 in Stealth
   964 | D:3      | Killed Robin
   964 | D:3      | Reached skill level 1 in Armour
   964 | D:3      | Reached XP level 4. HP: 24/37 MP: 3/3
  1092 | D:3      | Found a glowing golden altar of the Shining One.
  1092 | D:3      | Found a white marble altar of Elyvilon.
  1093 | D:3      | Found a glowing silver altar of Zin.
  1585 | D:3      | Reached skill level 6 in Bows
  1590 | D:3      | Noticed Natasha
  1596 | D:3      | Killed Natasha
  1596 | D:3      | Reached XP level 5. HP: 45/45 MP: 4/4
  1759 | D:3      | Noticed Natasha
  1771 | D:3      | Killed Natasha
  1858 | D:4      | Found Jouhees's Weapon Boutique.
  1858 | D:4      | Noticed Alfie's ghost (amateur MiHu)
  1866 | D:4      | Reached XP level 6. HP: 32/52 MP: 5/5
  1893 | D:4      | Found Kiliz's Food Boutique.
  2104 | D:4      | Found Viphenei's Distillery.
  2123 | D:5      | Entered Level 5 of the Dungeon
  2171 | D:5      | Reached skill level 7 in Bows
  2425 | D:5      | Reached XP level 7. HP: 60/60 MP: 6/6
  2544 | D:5      | Found Xesog's General Store.
  2548 | D:5      | Bought a scroll of identify for 24 gold pieces
  2631 | D:5      | Found a deep blue altar of Sif Muna.
  2798 | D:6      | Noticed Alfie's ghost (novice MiHu)
  2843 | D:6      | Gained mutation: Armour fits poorly on your strangely shaped body. [potion of mutation]
  2843 | D:6      | Gained mutation: You are surrounded by a mild repulsion field. (EV +2) [potion of mutation]
  2843 | D:6      | Gained mutation: Your flesh is cold resistant. (rC+) [potion of mutation]
  2865 | D:6      | HP: 1/90 [Alfie's ghost (6)]
  2867 | D:6      | Slain by Alfie's ghost

Skill      XL: |  1  2  3  4  5  6 |
---------------+-------------------+-----
Bows           | 5 6 7 |  7.7
Stealth        | 1 |  1.2
Armour         | 1 2 |  2.3
Fighting       | 3 4 |  4.8
Dodging        | 3 |  3.3
Short Blades   | |  0.4

Action                   |  1- 3 |  4- 6 |  7- 9 || total
-------------------------+-------+-------+-------++-------
Melee: Short sword       |    10 |    10 |    55 ||    75
       Headbutt          |       |     2 |     5 ||     7
 Fire: Shortbow          |    70 |   159 |    39 ||   268
  Use: Scroll            |     3 |     7 |     1 ||    11
       Potion            |       |       |     4 ||     4
  Eat: Bread ration      |       |     1 |       ||     1
       Fruit             |       |       |     1 ||     1
Armor: Leather armour    |     7 |    17 |     7 ||    31
       Skin              |       |       |    29 ||    29
Dodge: Dodged            |    31 |    62 |    27 ||   120
